Map: Central Protocol

Players

capac - Winner!

  • Race: Terran Terran
  • League: Gold

A.I. 1 (Elite)

  • Race: Zerg Zerg

VOD

Have the link to the VOD?

Description

Time

  • Played on: March 3, 2016, 11:06 a.m.
  • Length: 10:55
Show
View Real Time Build Order
Export as new Build Order

capac Terran - Winner!

Build Orders: MMM Bio 

Get SALT Encoding   

  12  0:01  SCV  
  13  0:13  SCV  
  14  0:17  Supply Depot  
  14  0:25  SCV  
  15  0:39  SCV  
  16  0:46  Barracks  
  16  0:53  SCV  
  17  0:58  Refinery  
  17  1:07  SCV  
  18  1:20  SCV  
  19  1:32  SCV  
  20  1:39  Command Center  
  20  1:44  Marine, SCV  
  22  1:54  Supply Depot  
  23  2:02  Orbital Command  
  23  2:04  Barracks Reactor  
  22  2:42  Marine x2  
  24  2:49  Factory  
  23  2:51  Barracks  
  23  2:55  Bunker  
  23  2:56  Orbital Command  
  23  3:02  SCV  
  23  3:04  Refinery  
  24  3:06  Marine  
  24  3:07  Marine  
  26  3:14  SCV  
  27  3:23  SCV  
  28  3:32  Refinery, SCV  
  29  3:35  SCV  
  29  3:37  Marine x2  
  29  3:40  Barracks Tech Lab  
  32  3:42  Starport, Factory Reactor  
  32  3:46  SCV  
  32  3:47  SCV  
  34  3:56  Marine x2  
  34  3:58  SCV  
  34  3:59  SCV  
  34  4:02  Marine  
  38  4:08  Engineering Bay  
  39  4:10  SCV  
  39  4:12  SCV  
  39  4:14  Barracks  
  41  4:24  Supply Depot  
  41  4:25  SCV x2  
  41  4:27  Stimpack  
  43  4:43  Supply Depot  
  43  4:45  SCV x2  
  45  4:49  Marine  
  45  4:50  Marine x2  
  48  4:53  Medivac x2  
  48  4:56  Factory Tech Lab  
  52  5:05  Barracks Reactor  
  52  5:07  Marine x2  
  52  5:10  SCV  
  52  5:11  SCV  
  52  5:14  Terran Infantry Weapons Level 1  
  56  5:18  Engineering Bay  
  56  5:20  Marine  
  57  5:22  SCV  
  57  5:25  Marine x2  
  60  5:37  Marine  
  60  5:41  Liberator  
  61  5:50  Marine  
  61  5:55  Supply Depot  
  62  5:58  Marine x2, Siege Tank  
  62  5:59  Marine x2  
  62  6:04  Liberator, SCV x2  
  74  6:16  SCV x2  
  76  6:18  Marine x2  
  76  6:19  Marine x3  
  76  6:24  Supply Depot  
  84  6:26  Supply Depot  
  84  6:36  Marine x2, Terran Infantry Armor Level 1  
  86  6:40  Armory  
  86  6:46  Marine x3, Siege Tank  
  92  6:47  Supply Depot  
  92  6:49  Supply Depot  
  92  6:53  Refinery  
  92  6:55  SCV x2  
  93  7:11  Marine  
  93  7:12  Marine x4  
  93  7:15  Supply Depot  
  98  7:19  Supply Depot  
  98  7:21  SCV  
  98  7:22  SCV  
  100  7:29  Marine x2  
  101  7:30  Marine x3  
  88  7:52  Liberator x2  
  88  7:57  Marine x3  
  88  7:58  Marine x2  
  99  8:15  Marine x3  
  102  8:21  Command Center  
  102  8:22  Supply Depot  
  102  8:23  Siege Tank  
  102  8:24  Marine  
  102  8:25  Marine  
  107  8:29  Barracks  
  107  8:31  Barracks  
  107  8:33  Marine  
  108  8:34  Liberator  
  108  8:35  Liberator  
  108  8:45  Marine x2  
  108  8:46  Marine x2  
  112  8:49  Combat Shields  
  118  9:17  Liberator  
  120  9:45  Medivac  
  121  10:15  Medivac  
  121  10:17  Medivac  
Show
View Real Time Build Order
Export as new Build Order

A.I. 1 (Elite) Zerg 

Build Orders: Pool First, Muta Ling Bane 

Get SALT Encoding   

  12  0:00  Drone  
  13  0:12  Overlord  
  13  0:17  Drone  
  14  0:30  Drone x2  
  16  0:43  Spawning Pool  
  16  0:45  Drone  
  16  0:49  Drone  
  17  1:16  Hatchery, Drone  
  17  1:18  Extractor  
  16  1:20  Extractor  
  16  1:21  Drone  
  16  1:25  Drone  
  16  1:29  Drone  
  18  1:38  Drone  
  19  1:48  Overlord  
  19  1:57  Queen  
  21  2:02  Zergling x2  
  22  2:10  Drone  
  23  2:28  Drone  
  24  2:32  Queen  
  24  2:34  Drone  
  27  2:40  Drone  
  28  2:45  Drone  
  29  3:00  Roach Warren  
  29  3:01  Drone  
  29  3:04  Drone  
  30  3:08  Zergling x2  
  30  3:11  Zergling x2  
  32  3:17  Overlord  
  32  3:20  Drone  
  32  3:23  Drone  
  34  3:39  Roach  
  36  3:41  Roach  
  36  3:42  Roach  
  36  3:43  Roach  
  36  3:46  Lair  
  42  3:51  Overlord  
  42  3:56  Overlord  
  42  3:59  Zergling x2  
  42  4:01  Zergling x2  
  44  4:09  Zergling x2, Drone x2  
  47  4:11  Drone  
  47  4:14  Drone  
  47  4:16  Drone  
  50  4:21  Overlord  
  50  4:25  Roach  
  50  4:29  Roach  
  54  4:32  Roach  
  54  4:35  Roach  
  58  4:39  Overlord  
  58  4:45  Drone  
  58  4:46  Hydralisk Den  
  58  4:48  Drone  
  58  4:49  Drone  
  60  4:53  Roach  
  60  4:56  Roach  
  60  4:59  Overlord  
  64  5:06  Drone  
  65  5:08  Drone  
  65  5:10  Drone  
  65  5:12  Drone  
  65  5:14  Drone  
  69  5:16  Drone  
  69  5:18  Hydralisk, Drone  
  69  5:21  Hydralisk  
  73  5:25  Overlord  
  75  5:28  Hydralisk  
  75  5:31  Drone  
  75  5:32  Drone  
  79  5:36  Drone  
  79  5:39  Drone  
  79  5:42  Infestation Pit, Drone  
  82  5:47  Overlord  
  82  5:48  Drone  
  82  5:50  Drone  
  83  5:59  Metabolic Boost  
  83  6:01  Evolution Chamber  
  83  6:03  Drone  
  83  6:10  Hatchery  
  82  6:18  Drone  
  83  6:20  Infestor  
  83  6:22  Evolution Chamber, Infestor  
  86  6:26  Zerg Missile Weapons Level 1  
  86  6:28  Evolution Chamber  
  85  6:34  Extractor, Drone  
  85  6:37  Spire  
  85  6:39  Extractor, Drone  
  84  6:40  Drone  
  85  6:48  Zerg Melee Weapons Level 1  
  85  6:54  Zerg Ground Armor Level 1  
  85  6:55  Drone  
  85  6:56  Overlord, Drone x2  
  85  6:59  Zergling x2  
  84  7:01  Zergling x2  
  84  7:03  Hatchery, Drone  
  84  7:04  Drone  
  84  7:06  Drone  
  84  7:08  Drone  
  88  7:17  Baneling Nest  
  88  7:18  Drone  
  88  7:26  Ravager  
  89  7:32  Spine Crawler  
  89  7:33  Ravager  
  89  7:36  Roach  
  91  7:38  Spine Crawler, Drone  
  91  7:39  Hydralisk  
  91  7:45  Hydralisk  
  91  7:46  Zergling x2  
  91  7:49  Mutalisk  
  91  7:51  Hydralisk  
  90  7:53  Zergling x2  
  90  7:55  Zergling x2  
  90  7:58  Mutalisk, Overseer  
  91  8:01  Baneling  
  92  8:08  Zergling x2, Baneling x2  
  92  8:11  Drone  
  93  8:15  Zergling x2, Baneling  
  93  8:16  Baneling, Spore Crawler  
  93  8:17  Drone  
  93  8:18  Zergling x2, Baneling x2, Drone x2, Spore Crawler  
  95  8:24  Mutalisk  
  95  8:25  Overlord  
  97  8:30  Zergling x2, Baneling x2  
  98  8:36  Zergling x2, Baneling x2  
  98  8:38  Zergling x2, Baneling  
  100  8:42  Zergling x4, Baneling  
  100  8:43  Zergling x2  
  100  8:44  Overlord  
  103  8:50  Centrifical Hooks  
  103  8:59  Mutalisk  
  100  9:03  Zergling x2  
  100  9:04  Hydralisk  
  100  9:06  Zergling x2  
  100  9:07  Zergling x2  
  100  9:09  Hydralisk  
  87  9:13  Hydralisk  
  87  9:16  Zergling x2  
  80  9:18  Hatchery  
  80  9:21  Zergling x2, Roach, Overseer  
  80  9:23  Roach  
  77  9:28  Roach  
  66  9:32  Roach  
  56  9:52  Zergling x2  
  54  9:57  Zergling x2  
  39  10:05  Roach  
  27  10:13  Roach  
  28  10:20  Roach  
  30  10:25  Drone  
  31  10:29  Hydralisk  
  31  10:30  Roach  
Tags
 
Add a new tag
Caveats
  • Supply blocks, unpowered buildings, or Contaminate may cause inaccurate times.
  • Supply counts are checked every 10 seconds.